TOP OF THE 1ST |
Madison Bombers batting - Pitching for Nassau Rockets : LHP Gianluigi Ciottone
|
Pitching: LHP Gianluigi Ciottone
|
|
Batting: LHB Keith Tillman
|
0-0: Foul Ball, location: 2F 0-1: Fly out, F6 (Popup, 6MD)
|
Batting: RHB Sergio Márquez
|
0-0: Swinging Strike 0-1: Ball 1-1: Swinging Strike 1-2: Ball 2-2: Ball 3-2: Strikes out swinging
|
Batting: LHB Seung-chun Mun
|
0-0: Called Strike 0-1: Ball 1-1: Ground out U3 (Groundball, 3S)
|
Top of the 1st over - 0 run(s), 0 hit(s), 0 error(s), 0 left on base; Madison 0 - Nassau 0 |
BOTTOM OF THE 1ST |
Nassau Rockets batting - Pitching for Madison Bombers : RHP Jeong Pak
|
Pitching: RHP Jeong Pak
|
|
Batting: RHB Sadayoshi Kato
|
0-0: Foul Ball, location: 2F 0-1: Ball 1-1: Ball 2-1: Fly out, F8 (Flyball, 8LM)
|
Batting: RHB Ed Sims
|
0-0: Ball 1-0: Foul Ball, location: 2F 1-1: Ball 2-1: Ball 3-1: Foul Ball, location: 2F 3-2: Base on Balls
|
Batting: LHB Rafael Delgado
|
0-0: Ball 1-0: Ball 2-0: Ball 3-0: Base on Balls Ed Sims to second
|
Batting: LHB Wilson Allen
|
0-0: Called Strike 0-1: Ball 1-1: Foul Ball, location: 2F 1-2: Strikes out swinging
|
Batting: RHB Felipe Rivera
|
0-0: Fly out, F9 (Flyball, 9S)
|
Bottom of the 1st over - 0 run(s), 0 hit(s), 0 error(s), 2 left on base; Madison 0 - Nassau 0 |
TOP OF THE 2ND |
Madison Bombers batting - Pitching for Nassau Rockets : LHP Gianluigi Ciottone
|
Batting: LHB Sixto Cantú
|
0-0: Ball 1-0: Ground out 6-3 (Groundball, 56)
|
Batting: SHB Michael McDonald
|
0-0: Ball 1-0: Foul Ball, location: 2F 1-1: SINGLE (Line Drive, 78S)
|
Batting: LHB José Santos
|
0-0: Called Strike 0-1: Ball 1-1: SINGLE (Groundball, 4MD) Michael McDonald to second
|
Batting: SHB Derek Roach
|
0-0: Ball 1-0: Called Strike 1-1: Foul Ball, location: 2F 1-2: Ball Wild Pitch! Michael McDonald to third José Santos to second 2-2: Ball 3-2: SINGLE (Line Drive, 34) Michael McDonald scores José Santos to third
|
Batting: LHB Robin Hill
|
0-0: Foul Ball, location: 2F 0-1: Ball 1-1: Ball 2-1: SINGLE (Line Drive, 89M) José Santos scores Derek Roach to second
|
Batting: RHB Edward Franks
|
0-0: Foul Ball, location: 2F 0-1: Called Strike 0-2: Ball 1-2: Foul Ball, location: 2F 1-2: Ball 2-2: SINGLE (Line Drive, 8LS) Derek Roach to third Robin Hill to second
|
Batting: LHB Keith Tillman
|
0-0: Ball 1-0: Called Strike 1-1: Swinging Strike 1-2: Ball 2-2: Ground out U3 (Groundball, 3S) Derek Roach scores Robin Hill to third Edward Franks to second
|
Batting: RHB Sergio Márquez
|
0-0: Called Strike 0-1: Fly out, F9 (Flyball, 9D)
|
Top of the 2nd over - 3 run(s), 5 hit(s), 0 error(s), 2 left on base; Madison 3 - Nassau 0 |
BOTTOM OF THE 2ND |
Nassau Rockets batting - Pitching for Madison Bombers : RHP Jeong Pak
|
Batting: LHB Jarred Jackson
|
0-0: Fly out, F6 (Line Drive, 6)
|
Batting: RHB Victor Antelo
|
0-0: Swinging Strike 0-1: Ball 1-1: Ball 2-1: Called Strike 2-2: Ball 3-2: Strikes out swinging
|
Batting: SHB Suezo Sugimoto
|
0-0: Ground out U3 (Groundball, 3)
|
Bottom of the 2nd over - 0 run(s), 0 hit(s), 0 error(s), 0 left on base; Madison 3 - Nassau 0 |
TOP OF THE 3RD |
Madison Bombers batting - Pitching for Nassau Rockets : LHP Gianluigi Ciottone
|
Batting: LHB Seung-chun Mun
|
0-0: Ball 1-0: Swinging Strike 1-1: Foul Ball, location: 2F 1-2: Ball 2-2: Ball 3-2: Foul Ball, location: 2F 3-2: Ground out 3-1 (Groundball, 34)
|
Batting: LHB Sixto Cantú
|
0-0: Called Strike 0-1: Ball 1-1: Ball 2-1: Ball 3-1: Base on Balls
|
Batting: SHB Michael McDonald
|
0-0: Foul Ball, location: 2F 0-1: Ball 1-1: Ball 2-1: Ball 3-1: Base on Balls Sixto Cantú to second
|
Batting: LHB José Santos
|
0-0: Fly out, F8 (Line Drive, 8RM)
|
Batting: SHB Derek Roach
|
0-0: Swinging Strike 0-1: Called Strike 0-2: Ball 1-2: SINGLE (Popup, 9S) Sixto Cantú to third Michael McDonald to second Runner from 3rd tries for Home, throw and OUT!
|
Top of the 3rd over - 0 run(s), 1 hit(s), 0 error(s), 2 left on base; Madison 3 - Nassau 0 |
BOTTOM OF THE 3RD |
Nassau Rockets batting - Pitching for Madison Bombers : RHP Jeong Pak
|
Batting: RHB Vern Carlton
|
0-0: Ball 1-0: Ball 2-0: Ball 3-0: Called Strike 3-1: Fly out, F8 (Flyball, 8RM)
|
Batting: RHB Sadayoshi Kato
|
0-0: Ball 1-0: Ball 2-0: Called Strike 2-1: Ball 3-1: Called Strike 3-2: Foul Ball, location: 2F 3-2: Base on Balls
|
Batting: RHB Ed Sims
|
0-0: Ball 1-0: Ball 2-0: Ball 3-0: Base on Balls Sadayoshi Kato to second
|
Batting: LHB Rafael Delgado
|
0-0: Ball 1-0: Ball 2-0: Fly out, F4 (Popup, 4D)
|
Batting: LHB Wilson Allen
|
0-0: Swinging Strike 0-1: Ball 1-1: Called Strike 1-2: Ball 2-2: Ball 3-2: Fly out, F5 (Popup, 56S)
|
Bottom of the 3rd over - 0 run(s), 0 hit(s), 0 error(s), 2 left on base; Madison 3 - Nassau 0 |
TOP OF THE 4TH |
Madison Bombers batting - Pitching for Nassau Rockets : LHP Gianluigi Ciottone
|
Batting: LHB Robin Hill
|
0-0: Ball 1-0: Called Strike 1-1: Ball 2-1: Foul Ball, location: 2F 2-2: Foul Ball, location: 2F 2-2: Foul Ball, location: 2F 2-2: Foul Ball, location: 2F 2-2: Ground out 1-3 (Groundball, 3S)
|
Batting: RHB Edward Franks
|
0-0: Ball 1-0: Foul Ball, location: 2F 1-1: Foul Ball, location: 2F 1-2: Ball 2-2: DOUBLE (Line Drive, 6D)
|
Pinch Runner at 2nd Bailey Ramsey:
|
|
Batting: LHB Keith Tillman
|
0-0: Fly out, F7 (Flyball, 7M)
|
Batting: RHB Sergio Márquez
|
0-0: Ball 1-0: Ball 2-0: Swinging Strike 2-1: Called Strike 2-2: Ball 3-2: Foul Ball, location: 2F 3-2: Strikes out swinging
|
Top of the 4th over - 0 run(s), 1 hit(s), 0 error(s), 1 left on base; Madison 3 - Nassau 0 |
BOTTOM OF THE 4TH |
Nassau Rockets batting - Pitching for Madison Bombers : RHP Jeong Pak
|
Now at 2B: Bailey Ramsey
|
|
Batting: RHB Felipe Rivera
|
0-0: Ground out 4-3 (Groundball, 4)
|
Batting: LHB Jarred Jackson
|
0-0: Called Strike 0-1: Reached on error, E6 (Groundball, 6)
|
Batting: RHB Victor Antelo
|
0-0: Ball 1-0: Swinging Strike 1-1: Ball 2-1: Ball 3-1: Base on Balls Jarred Jackson to second
|
Batting: SHB Suezo Sugimoto
|
0-0: Ball Wild Pitch! Jarred Jackson to third Victor Antelo to second 1-0: SINGLE (Groundball, 56D) Jarred Jackson scores Victor Antelo to third Runner from 3rd tries for Home, SAFE, throw made home Suezo Sugimoto to second
|
Batting: RHB Vern Carlton
|
0-0: Ball 1-0: Foul Ball, location: 2F 1-1: Fly out, F5 (Popup, 25F)
|
Batting: RHB Sadayoshi Kato
|
0-0: Ball 1-0: Foul Ball, location: 2F 1-1: Ball 2-1: Foul Ball, location: 2F 2-2: Fly out, F9 (Flyball, 9LM)
|
Bottom of the 4th over - 2 run(s), 1 hit(s), 1 error(s), 1 left on base; Madison 3 - Nassau 2 |
TOP OF THE 5TH |
Madison Bombers batting - Pitching for Nassau Rockets : LHP Gianluigi Ciottone
|
Batting: LHB Seung-chun Mun
|
0-0: Called Strike 0-1: Ball 1-1: Swinging Strike 1-2: Ball 2-2: Foul Ball, location: 2F 2-2: Foul Ball, location: 2F 2-2: Foul Ball, location: 2F 2-2: Ball 3-2: Strikes out looking
|
Batting: LHB Sixto Cantú
|
0-0: Foul Ball, location: 2F 0-1: Ball 1-1: Swinging Strike 1-2: Ball 2-2: Fly out, F7 (Flyball, 78D)
|
Batting: SHB Michael McDonald
|
0-0: Called Strike 0-1: Ball 1-1: Ball 2-1: Foul Ball, location: 2F 2-2: Ground out 6-3 (Groundball, 56)
|
Top of the 5th over - 0 run(s), 0 hit(s), 0 error(s), 0 left on base; Madison 3 - Nassau 2 |
BOTTOM OF THE 5TH |
Nassau Rockets batting - Pitching for Madison Bombers : RHP Jeong Pak
|
Batting: RHB Ed Sims
|
0-0: Swinging Strike 0-1: Ball 1-1: Called Strike 1-2: Strikes out looking
|
Batting: LHB Rafael Delgado
|
0-0: Ball 1-0: Ball 2-0: Ball 3-0: Base on Balls
|
Batting: LHB Wilson Allen
|
0-0: Foul Ball, location: 2F 0-1: Ball 1-1: Called Strike Rafael Delgado is caught stealing 2nd base 1-2: Ground out 6-3 (Groundball, 6M)
|
Bottom of the 5th over - 0 run(s), 0 hit(s), 0 error(s), 0 left on base; Madison 3 - Nassau 2 |
TOP OF THE 6TH |
Madison Bombers batting - Pitching for Nassau Rockets : LHP Gianluigi Ciottone
|
Pitching: LHP Fred Martin
|
|
Batting: LHB José Santos
|
0-0: Ball 1-0: Ground out 6-3 (Groundball, 6M)
|
Batting: SHB Derek Roach
|
0-0: Called Strike 0-1: Ball 1-1: Ground out 2-3 (Groundball, 23)
|
Batting: LHB Robin Hill
|
0-0: Ball 1-0: Ball 2-0: Ball 3-0: Base on Balls
|
Batting: RHB Bailey Ramsey
|
0-0: Called Strike 0-1: Ball 1-1: Fly out, F8 (Popup, 8LS)
|
Top of the 6th over - 0 run(s), 0 hit(s), 0 error(s), 1 left on base; Madison 3 - Nassau 2 |
BOTTOM OF THE 6TH |
Nassau Rockets batting - Pitching for Madison Bombers : RHP Jeong Pak
|
Batting: RHB Felipe Rivera
|
0-0: Ball 1-0: Ball 2-0: Ball 3-0: Base on Balls
|
Batting: LHB Jarred Jackson
|
0-0: Foul Ball, location: 2F 0-1: Ball 1-1: Ball 2-1: Fielders Choice at 2nd, 3-6 (Groundball, 3)
|
Batting: RHB Victor Antelo
|
0-0: Ball 1-0: Ground out 5-3 (Groundball, 56) Jarred Jackson to second
|
Batting: SHB Suezo Sugimoto
|
0-0: Called Strike 0-1: SINGLE (Line Drive, 6D) Jarred Jackson to third
|
Batting: RHB Vern Carlton
|
0-0: Swinging Strike 0-1: Ball 1-1: Foul Ball, location: 2F 1-2: Foul Ball, location: 2F 1-2: Strikes out swinging
|
Bottom of the 6th over - 0 run(s), 1 hit(s), 0 error(s), 2 left on base; Madison 3 - Nassau 2 |
TOP OF THE 7TH |
Madison Bombers batting - Pitching for Nassau Rockets : LHP Fred Martin
|
Batting: LHB Keith Tillman
|
0-0: Ball 1-0: Ball 2-0: Called Strike 2-1: SINGLE (Flyball, 8RS)
|
Batting: RHB Sergio Márquez
|
0-0: Bunted foul 0-1: Ball 1-1: Sac Bunt - play at first, batter OUT! 1-4 Keith Tillman to second
|
Batting: LHB Seung-chun Mun
|
0-0: Called Strike 0-1: Called Strike 0-2: Ball 1-2: Foul Ball, location: 2F 1-2: Strikes out swinging
|
Batting: LHB Sixto Cantú
|
0-0: Called Strike 0-1: Foul Ball, location: 2F 0-2: Foul Ball, location: 2F 0-2: Strikes out swinging
|
Top of the 7th over - 0 run(s), 1 hit(s), 0 error(s), 1 left on base; Madison 3 - Nassau 2 |
BOTTOM OF THE 7TH |
Nassau Rockets batting - Pitching for Madison Bombers : RHP Jeong Pak
|
Pitching: RHP Bartolo Romo
|
|
Batting: RHB Sadayoshi Kato
|
0-0: Foul Ball, location: 2F 0-1: Foul Ball, location: 2F 0-2: Strikes out swinging
|
Batting: RHB Ed Sims
|
0-0: Called Strike 0-1: Foul Ball, location: 2F 0-2: Ball 1-2: Strikes out swinging
|
Batting: LHB Rafael Delgado
|
0-0: Fly out, F8 (Flyball, 8LXD)
|
Bottom of the 7th over - 0 run(s), 0 hit(s), 0 error(s), 0 left on base; Madison 3 - Nassau 2 |
TOP OF THE 8TH |
Madison Bombers batting - Pitching for Nassau Rockets : LHP Fred Martin
|
Pitching: RHP José García
|
|
Batting: SHB Michael McDonald
|
0-0: Ball 1-0: Ball 2-0: Called Strike 2-1: SINGLE (Line Drive, 8LS)
|
Pinch Hitting: LHB Dave Williams
|
0-0: Ball 1-0: Ball 2-0: Ball 3-0: Called Strike 3-1: Bunted foul 3-2: 2-RUN HOME RUN (Flyball, 9D), Distance : 337 ft
|
Batting: SHB Derek Roach
|
0-0: Foul Ball, location: 2F 0-1: SOLO HOME RUN (Flyball, 9D), Distance : 360 ft
|
Pitching: RHP Ramiro Piña
|
|
Batting: LHB Robin Hill
|
0-0: Ball 1-0: Foul Ball, location: 2F 1-1: SINGLE (Line Drive, 6MD)
|
Batting: RHB Bailey Ramsey
|
0-0: Ball 1-0: Bunted foul 1-1: Sac Bunt - play at first, batter OUT! 2-4 Robin Hill to second
|
Batting: LHB Keith Tillman
|
0-0: Ground out U3 (Groundball, 3) Robin Hill to third
|
Batting: RHB Sergio Márquez
|
0-0: Foul Ball, location: 2F 0-1: Ground out U3 (Groundball, 3L)
|
Top of the 8th over - 3 run(s), 4 hit(s), 0 error(s), 1 left on base; Madison 6 - Nassau 2 |
BOTTOM OF THE 8TH |
Nassau Rockets batting - Pitching for Madison Bombers : RHP Bartolo Romo
|
Now in RF: Dave Williams
|
|
Batting: LHB Wilson Allen
|
0-0: Ground out 6-3 (Groundball, 6)
|
Batting: RHB Felipe Rivera
|
0-0: Ball 1-0: Called Strike 1-1: Ball 2-1: Swinging Strike 2-2: Foul Ball, location: 2F 2-2: DOUBLE (Line Drive, 8RD)
|
Batting: LHB Jarred Jackson
|
0-0: Ball 1-0: Called Strike 1-1: Ball 2-1: Foul Ball, location: 2F 2-2: Fly out, F8 (Flyball, 8LM)
|
Batting: RHB Victor Antelo
|
0-0: Ball 1-0: SINGLE (Popup, 4MD) Felipe Rivera to third Runner from 3rd tries for Home, SAFE, no throw or cutoff
|
Pitching: RHP José Ruíz
|
|
Batting: SHB Suezo Sugimoto
|
0-0: Called Strike Balk! Victor Antelo to second 0-1: Called Strike 0-2: Ball 1-2: Ball 2-2: Ground out 4-3 (Groundball, 4M)
|
Bottom of the 8th over - 1 run(s), 2 hit(s), 0 error(s), 1 left on base; Madison 6 - Nassau 3 |
TOP OF THE 9TH |
Madison Bombers batting - Pitching for Nassau Rockets : RHP Ramiro Piña
|
Batting: LHB Seung-chun Mun
|
0-0: Ball 1-0: Ball 2-0: SINGLE (Groundball, 56D)
|
Batting: LHB Sixto Cantú
|
0-0: Called Strike 0-1: Ball 1-1: SINGLE (Line Drive, 8LS) Seung-chun Mun to second
|
Batting: SHB Michael McDonald
|
0-0: Ball 1-0: Ball 2-0: Ball 3-0: Foul Ball, location: 2F 3-1: Base on Balls Seung-chun Mun to third Sixto Cantú to second
|
Pitching: RHP Jerry Good
|
|
Batting: LHB Dave Williams
|
0-0: Called Strike 0-1: Ball 1-1: Called Strike 1-2: Fly out, F7 (Line Drive, 7M) Runner from 3rd tags up, SCORES, throw made
|
Batting: SHB Derek Roach
|
0-0: Ball 1-0: Called Strike 1-1: Fly out, F8 (Popup, 6MD)
|
Batting: LHB Robin Hill
|
0-0: Ball 1-0: Called Strike 1-1: Fly out, F8 (Flyball, 8RM)
|
Top of the 9th over - 1 run(s), 2 hit(s), 0 error(s), 2 left on base; Madison 7 - Nassau 3 |
BOTTOM OF THE 9TH |
Nassau Rockets batting - Pitching for Madison Bombers : RHP José Ruíz
|
Pitching: RHP Luis Cortéz
|
|
Batting: RHB Vern Carlton
|
0-0: Swinging Strike 0-1: Ball 1-1: Foul Ball, location: 2F 1-2: Strikes out swinging
|
Batting: RHB Sadayoshi Kato
|
0-0: Foul Ball, location: 2F 0-1: Swinging Strike 0-2: Foul Ball, location: 2F 0-2: Foul Ball, location: 2F 0-2: Ball 1-2: Ground out 1-3 (Groundball, 15)
|
Batting: RHB Ed Sims
|
0-0: SINGLE (Groundball, 34) (infield hit)
|
Batting: LHB Rafael Delgado
|
0-0: SINGLE (Flyball, 7S) Ed Sims to second
|
Batting: LHB Wilson Allen
|
0-0: SINGLE (Groundball, 56D) Ed Sims to third Rafael Delgado to second Runner from 3rd tries for Home, SAFE, no throw or cutoff
|
Batting: RHB Felipe Rivera
|
0-0: Called Strike 0-1: Ball 1-1: Swinging Strike 1-2: Foul Ball, location: 2F 1-2: Fielders Choice at 2nd, 5-4 (Groundball, 5)
|
Bottom of the 9th over - 1 run(s), 3 hit(s), 0 error(s), 1 left on base; Madison 7 - Nassau 4 |
|